 Dungeon Crawl Stone Soup version 0.32-a0-818-gb728d0252e (webtiles) character file.

Game seed: 4353487255354704112

103 smashvw the Magician (level 4, -1/24 HPs)
             Began as a Deep Elf Hedge Wizard on Mar 24, 2024.
             Slain by an orc
             ... wielding a +0 whip
              (2 damage)
             ... on level 3 of the Dungeon.
             The game lasted 00:05:10 (2342 turns).

smashvw the Magician (Deep Elf Hedge Wizard)        Turns: 2342, Time: 00:05:10

Health: -1/24      AC:  2    Str:  7    XL:     4   Next: 51%
Magic:  1/13       EV: 11    Int: 21    God:
Gold:   120        SH:  0    Dex: 14    Spells: 9/14 levels left

rFire   + . .        a - +0 dagger
rCold   . . .        (no shield)
rNeg    . . .        b - +0 robe
rPois   .            c - +0 hat
rElec   .            (no cloak)
rCorr   .            (no gloves)
SInv    .            (no boots)
Will    .....        (no amulet)
Stlth   ++           l - ring of protection from fire
HPRegen 0.24/turn    (no ring)
MPRegen 0.13/turn

%: no passive effects
@: very slightly contaminated
A: no striking features
a: no special abilities


You were on level 3 of the Dungeon.
You visited 1 branch of the dungeon, and saw 3 of its levels.

You collected 120 gold pieces.

Inventory:

Hand Weapons
 a - a +0 dagger (weapon)
Missiles
 i - 9 poisoned darts
Armour
 b - a +0 robe (worn)
 c - a +0 hat (worn)
Jewellery
 l - a ring of protection from fire (left hand)
Scrolls
 e - 3 scrolls of identify {unknown}
 f - 2 scrolls of blinking {unknown}
 g - a scroll of noise {unknown}
 h - a scroll of amnesia {unknown}
 j - a scroll of acquirement {unknown}
 k - a scroll of fear {unknown}
 m - 2 scrolls of enchant weapon {unknown}
Potions
 d - a potion of magic
 n - a potion of resistance {unknown}
 o - a potion of heal wounds {unknown}
 p - a potion of degeneration {unknown}
 q - a potion of attraction {unknown}
 r - a potion of might {unknown}


   Skills:
 - Level 2.6 Dodging
 - Level 2.6 Stealth
 + Level 5.8 Spellcasting
 - Level 2.1 Conjurations
 - Level 2.1 Summonings
 - Level 2.1 Translocations


You had 9 spell levels left.
You knew the following spells:

 Your Spells              Type           Power      Damage    Failure   Level
a - Magic Dart            Conj           60%        1d6       4%          1
b - Call Imp              Summ           30%        N/A       6%          2
c - Blink                 Tloc           30%        N/A       6%          2

Your spell library contained the following spells:

 Spells                   Type           Power      Damage    Failure   Level
 Slow                     Hex            24%        N/A       10%         1
 Cigotuvi's Dreadful Rot  Necr/Alch/Air  12%        N/A       16%         2
 Mephitic Cloud           Conj/Alch/Air  9%         N/A       22%         3


Dungeon Overview and Level Annotations

Branches:
Dungeon (3/15)

Altars:


Message History

The orc wizard is almost dead.
The orc wizard barely misses you.
You hit the orc wizard but do no damage.
The orc wizard is almost dead.
The orc wizard casts a spell at you. The puff of flame hits you. You resist.
You miss the orc wizard.
The orc wizard is almost dead.
The orc wizard hits you with a +0 dagger.
You barely miss the orc wizard.
The orc wizard is almost dead.
The orc wizard hits you with a +0 dagger.
You hit the orc wizard but do no damage.
The orc wizard is almost dead.
The orc wizard misses you.
You barely miss the orc wizard.
The orc wizard is almost dead.
The orc wizard casts a spell at you. The puff of flame hits you. You resist.
* * * LOW HITPOINT WARNING * * *
You hit the orc wizard but do no damage.
The orc wizard is almost dead.
The orc wizard hits you with a +0 dagger.
* * * LOW HITPOINT WARNING * * *
You are too injured to fight recklessly!
Aiming: Magic Dart (safe; 4% risk of failure)
Press: ? - help, Q - select action, (/) - cycle Shift-Dir - straight line, f/p - orc wizard
Aim: an orc wizard, wielding a +0 dagger and wearing a +0 robe (almost dead, 100% to hit)
The magic dart hits the orc wizard.
You kill the orc wizard!
Aiming: Magic Dart (safe; 4% risk of failure)
Press: ? - help, Q - select action, (/) - cycle Shift-Dir - straight line, f - orc
Aim: an orc, wielding a +0 whip and wearing a +0 ring mail (100% to hit)
You miscast Magic Dart.
You are very lightly contaminated with residual magic.
Nothing appears to happen.
The orc hits you with a +0 whip.
* * * LOW HITPOINT WARNING * * *
The orc attacks as it pursues you! The orc hits you with a +0 whip.
You die...

.#.## ### ###.#. #..
###..... #.#
##...#.## #.#
#..###.# #.# #.##
#.# ##.# ########.#
#.#
####.)#####...)....#
#.#
#.....o)o@..########
#..
......#.#########
### ...##.... .
#..).. #......
#..oo.o# #)..>..#
#.....[#


You could see 2 orcs.

Vanquished Creatures
  Jessica (D:2)
  An orc wizard (D:3)
  An adder (D:2)
  A dart slug (D:2)
  3 orcs (D:3)
  3 endoplasms
  A giant cockroach (D:1)
  2 hobgoblins
  4 quokkas
  5 ball pythons
  2 bats (D:1)
  A frilled lizard (D:3)
  3 goblins
  5 kobolds
  4 rats
37 creatures vanquished.

Vanquished Creatures (collateral kills)
  A giant cockroach (D:3)
  A kobold (D:2)
2 creatures vanquished.

Grand Total: 39 creatures vanquished

Notes
Turn   | Place    | Note
-------+----------+-------------------------------------------
     0 | D:1      | smashvw the Deep Elf Hedge Wizard began the quest for the
                  | Orb.
     0 | D:1      | Reached XP level 1. HP: 10/10 MP: 7/7
   285 | D:1      | Reached XP level 2. HP: 14/15 MP: 4/9
   628 | D:1      | Learned a level 2 spell: Call Imp
  1317 | D:2      | Reached XP level 3. HP: 19/19 MP: 4/11
  1894 | D:2      | Noticed Jessica
  1898 | D:2      | Killed Jessica
  1899 | D:2      | Reached skill level 5 in Spellcasting
  1899 | D:2      | Reached XP level 4. HP: 17/24 MP: 8/13
  1902 | D:2      | Learned a level 2 spell: Blink
  2341 | D:3      | HP: 1/24 [orc/+0 whip (4)]
  2342 | D:3      | Slain by an orc

Illustrated notes

Levels and vault maps discovered:
D:1:      wander_arrival_fairy_ring, layout_loops_ring, solitary_fountain,
          chequers_serial_rivers_micro_b
D:2:      layout_rooms, kennysheep_cross_room, uniq_jessica
D:3:      layout_rooms, cheibrodos_sewer_entry_sluice, uniq_terence, uniq_ijyb

Skill      XL: |  1  2  3 |
---------------+----------+-----
Spellcasting   | 5 |  5.8
Conjurations   | 2 |  2.1
Summonings     | 2 |  2.1
Translocations | 2 |  2.1
Dodging        | |  2.6
Stealth        | |  2.6

Action                     |  1- 3 |  4- 6 || total
---------------------------+-------+-------++-------
  Melee: Dagger            |    10 |    12 ||    22
   Cast: Magic Dart        |    87 |    25 ||   112
         Call Imp          |     3 |     2 ||     5
 Armour: Robe              |    20 |    11 ||    31
  Dodge: Dodged            |    12 |     4 ||    16

Table legend: (Time is in decaauts)
 A = Elapsed time spent in this place.
 B = Non-inter-level travel time spent in this place.
 C = Inter-level travel time spent in this place.
 D = Time resting spent in this place.
 E = Time spent auto-exploring this place.
 F = Levels seen in this place.
 G = Mean time per level.
                   A        B        C        D        E       F      G
               +--------+--------+--------+--------+--------+-----+--------+
         Total |   2340 |   2284 |     56 |      0 |   2032 |   3 |  780.0 |
       Dungeon |   2340 |   2284 |     56 |      0 |   2032 |   3 |  780.0 |
               +--------+--------+--------+--------+--------+-----+--------+

Top non-repeatable levels by time:
     D:1: 1212 daAuts
     D:2: 965 daAuts
     D:3: 163 daAuts
